 Dungeon Sprint DCSS version 0.30-a0-605-gb2882149bf (webtiles) character file.

Game seed: 10991877594452806539

356 mhtbhm the Grappler (level 6, -13/57 HPs)
             Began as a Troll Transmuter on Jan 7, 2023.
             Was an Initiate of Gozag.
             Mangled by a freezing wraith (14 damage)
             ... in the Dungeon (Sprint VII: "The Pits").
             The game lasted 00:01:00 (651 turns).

mhtbhm the Grappler (Troll Transmuter)               Turns: 651, Time: 00:01:01

Health: -13/57     AC:  4    Str: 21    XL:     6   Next: 36%
Magic:  9/11       EV: 11    Int:  9    God:    Gozag
Gold:   945        SH:  0    Dex: 10    Spells: 3/13 levels left

rFire   . . .      SeeInvis .      - Unarmed
rCold   . . .      Faith    .    (no shield)
rNeg    . . .      Spirit   .    a - +0 robe
rPois   .          Reflect  .    (helmet currently unavailable)
rElec   .          Harm     .    (no cloak)
rCorr   .          Rampage  .    (gloves unavailable)
Will    .....      NoTele   +    (boots unavailable)
Stlth   +                        (no amulet)
HPRegen 1.09/turn                (no ring)
MPRegen 0.12/turn                (no ring)

@: appendages (expiring), wereblooded, gold aura, slowed, very slow
A: horns 2, talons 2, large, unfitting armour, claws 3, regeneration 1, shaggy
fur 1, tough skin 1
a: End Transformation, Renounce Religion, Potion Petition, Call Merchant, Bribe
Branch


You were in the Dungeon.
You worshipped Gozag.
Gozag was pleased with you.
You had temporarily grown beastly horns and talons.
You visited 1 branch You collected 945 gold pieces.

Inventory:

Armour
 a - a +0 robe (worn)
Scrolls
 h - a scroll of blinking
 j - 5 scrolls of amnesia
 k - a scroll of summoning
Potions
 b - a potion of lignification
 c - 6 potions of curing
 d - 6 potions of heal wounds
 e - a potion of haste
 f - 4 potions of magic
 g - 3 potions of berserk rage
 i - 2 potions of invisibility


   Skills:
 + Level 1.8 Fighting
 + Level 4.6 Dodging
 + Level 9.7 Unarmed Combat
 + Level 4.0 Spellcasting
 + Level 4.3 Transmutations


You had 3 spell levels left.
You knew the following spells:

 Your Spells              Type           Power      Damage    Failure   Level
a - Beastly Appendage     Tmut           18%        N/A       4%          1
b - Wereblood             Tmut           9%         N/A       7%          2
c - Spider Form           Tmut/Pois      5%         N/A       32%         3
d - Ice Form              Ice/Tmut       5%         N/A       73%         4

Your spell library contained the following spells:

 Spells                   Type           Power      Damage    Failure   Level


Dungeon Overview and Level Annotations

Branches:
Dungeon (1/1)

Altars:
Ashenzari
Cheibriados
Dithmenos
Elyvilon
Fedhas
Gozag
Hepliaklqana
Kikubaaqudgha
Makhleb
Nemelex Xobeh
Okawaru
Qazlal
Ru
Sif Muna
Trog
Uskayaw
Vehumet
Wu Jian
Xom
Yredelemnul
Zin
The Shining One
Jiyva
Lugonu


Innate Abilities, Weirdness & Mutations

You have temporarily grown beastly horns and talons.
You are too large for most types of armour.
You have claws for hands.
Your natural rate of healing is unusually fast.
You are covered in fur. (AC +1)
You have tough skin. (AC +1)


Message History

Casting: Wereblood (safe; 7% risk of failure)
Confirm with . or Enter, or press ? or * to list all spells.
Your blood is infused with primal strength.
Casting: Wereblood (safe; 7% risk of failure)
Confirm with . or Enter, or press ? or * to list all spells.
You grow a pair of large bovine horns.
Your feet morph into talons.
As you open the door, it creaks loudly!
An endoplasm comes into view.
The endoplasm quivers.
You barely miss the endoplasm. You claw the endoplasm.
You headbutt the endoplasm.
You kill the endoplasm!
You now have 945 gold pieces (gained 45).
There is an open door here.
You open the door.
A freezing wraith comes into view.
You mangle the freezing wraith!!
The freezing wraith is heavily damaged.
The freezing wraith barely misses you. The freezing wraith hits you!
You barely miss the freezing wraith.
You claw the freezing wraith, but do no damage.
Your headbutt misses the freezing wraith.
The freezing wraith is heavily damaged.
The freezing wraith hits you. The freezing wraith freezes you!
The freezing wraith hits you! The freezing wraith drains your vigour!
You feel yourself slow down.
You scratch the freezing wraith. Your kick misses the freezing wraith.
The freezing wraith is heavily damaged.
The freezing wraith hits you! The freezing wraith freezes you!
* * * LOW HITPOINT WARNING * * *
The freezing wraith hits you but does no damage.
You closely miss the freezing wraith.
The freezing wraith is heavily damaged.
Your transformation is almost over.
The freezing wraith misses you. The freezing wraith barely misses you.
The freezing wraith hits you.
* * * LOW HITPOINT WARNING * * *
The freezing wraith freezes you!
You die...
Your body crumbles into a pile of gold.

#.#........##.......#
#'###########.......#
#.......# #########
#...#...# #...#...#
#.##)##.#+#
#...#...#.+
#...#...#W#
#.......@.#
###########


You could see a freezing wraith.

Vanquished Creatures
  A warg (D)
  A water moccasin (D)
  An ice beast (D)
  Terence (D)
  An adder (D)
  An ufetubus (D)
  A ball python (D)
  A bat skeleton (D)
  An endoplasm (D)
  A giant cockroach (D)
  A quokka (D)
  2 bats (D)
  2 frilled lizards (D)
  A rat (D)
16 creatures vanquished.

Notes
Turn   | Place    | Note
-------+----------+-------------------------------------------
     0 | D        | mhtbhm the Troll Transmuter began the quest for the Orb.
     0 | D        | Reached XP level 1. HP: 18/18 MP: 1/1
    16 | D        | Found a bloodstained altar of Trog.
    16 | D        | Found a shimmering blue altar of Sif Muna.
    16 | D        | Found a viscous altar of Jiyva.
    16 | D        | Found a hazy altar of Hepliaklqana.
    16 | D        | Found an opulent altar of Gozag.
    17 | D        | Found a glowing golden altar of the Shining One.
    17 | D        | Found a glowing silver altar of Zin.
    17 | D        | Found a basalt altar of Yredelemnul.
    17 | D        | Found a shimmering altar of Xom.
    17 | D        | Found an ornate altar of the Wu Jian Council.
    17 | D        | Found a sacrificial altar of Ru.
    17 | D        | Found a stormy altar of Qazlal.
    17 | D        | Found an iron altar of Okawaru.
    17 | D        | Found a sparkling altar of Nemelex Xobeh.
    17 | D        | Found a burning altar of Makhleb.
    17 | D        | Found a blossoming altar of Fedhas.
    17 | D        | Found a white marble altar of Elyvilon.
    17 | D        | Found a shadowy altar of Dithmenos.
    17 | D        | Found a snail-covered altar of Cheibriados.
    19 | D        | Found a radiant altar of Vehumet.
    19 | D        | Found a corrupted altar of Lugonu.
    20 | D        | Found a hide-covered altar of Uskayaw.
    20 | D        | Found an ancient bone altar of Kikubaaqudgha.
    20 | D        | Found a broken altar of Ashenzari.
    24 | D        | Became a worshipper of Gozag Ym Sagoz the Greedy
    65 | D        | Reached skill level 4 in Unarmed Combat
   261 | D        | Reached XP level 2. HP: 26/26 MP: 1/3
   272 | D        | Learned a level 2 spell: Wereblood
   423 | D        | Noticed a water moccasin
   424 | D        | Killed a water moccasin
   425 | D        | Reached skill level 1 in Fighting
   425 | D        | Reached skill level 7 in Unarmed Combat
   425 | D        | Reached XP level 3. HP: 32/33 MP: 0/6
   425 | D        | Reached XP level 4. HP: 40/41 MP: 0/7
   442 | D        | Learned a level 3 spell: Spider Form
   520 | D        | Noticed an ice beast
   531 | D        | Killed an ice beast
   532 | D        | Reached skill level 8 in Unarmed Combat
   532 | D        | Reached XP level 5. HP: 37/48 MP: 4/9
   554 | D        | Learned a level 4 spell: Ice Form
   557 | D        | Noticed a warg
   567 | D        | Noticed Terence
   572 | D        | Killed Terence
   580 | D        | Killed a warg
   581 | D        | Reached skill level 9 in Unarmed Combat
   581 | D        | Reached XP level 6. HP: 39/57 MP: 4/11
   647 | D        | Noticed a freezing wraith
   651 | D        | HP: 1/57 [freezing wraith (6)]
   651 | D        | Mangled by a freezing wraith

Illustrated notes

Levels and vault maps discovered:
D:        pitsprint [storerooms_1, entrance_room_1, metal_vault_2, armoury_3,
          mini_pit_1, grid_room_1, main_hall_1, silver_pit, the_coven_3,
          the_vestibule_1, steel_vault_5, golden_pit, hallway_of_sentries,
          crystal_vault_1, iron_vault_4, final_vault]

Skill      XL: |  1  2  3  4  5 |
---------------+----------------+-----
Unarmed Combat | 4 7 8 9 |  9.7
Fighting       | 1 |  1.8
Dodging        | 3 4 |  4.6
Spellcasting   | 2 3 4 |  4.0
Transmutations | 3 4 |  4.3

Action                   |  1- 3 |  4- 6 || total
-------------------------+-------+-------++-------
Melee: Unarmed           |    10 |    34 ||    44
       Kick              |     2 |     4 ||     6
       Punch             |     1 |     1 ||     2
       Headbutt          |     1 |     1 ||     2
 Cast: Beastly Appendage |     3 |     2 ||     5
       Wereblood         |     1 |     3 ||     4
       Spider Form       |       |     1 ||     1
Armor: Robe              |     4 |     7 ||    11
Dodge: Dodged            |     4 |    13 ||    17

Table legend: (Time is in decaauts)
 A = Elapsed time spent in this place.
 B = Non-inter-level travel time spent in this place.
 C = Inter-level travel time spent in this place.
 D = Time resting spent in this place.
 E = Time spent auto-exploring this place.
 F = Levels seen in this place.
 G = Mean time per level.
                   A        B        C        D        E       F      G
               +--------+--------+--------+--------+--------+-----+--------+
         Total |    645 |    645 |      0 |    391 |     62 |   1 |  645.0 |
       Dungeon |    645 |    645 |      0 |    391 |     62 |   1 |  645.0 |
               +--------+--------+--------+--------+--------+-----+--------+

Top non-repeatable levels by time:
       D: 645 daAuts
